 Dungeon Crawl Stone Soup version 0.29-a0-789-g7a8fcbc185 (webtiles) character file.

Game seed: 1998474665156699973

158 gobodom the Grave Robber (level 5, 0/35 HPs)
             Began as a Demonspawn Necromancer on July 2, 2022.
             Was a Follower of Ru.
             Killed from afar by an orc wizard (5 damage)
             ... with a magic dart
             ... on level 4 of the Dungeon.
             The game lasted 00:10:53 (3023 turns).

gobodom the Grave Robber (Demonspawn Necromancer)   Turns: 3023, Time: 00:10:53

Health: 0/35       AC:  6    Str: 16    XL:     5   Next: 16%
Magic:  9/9        EV:  9    Int: 17    God:    Ru [*.....]
Gold:   105        SH:  0    Dex: 15    Spells: 9/10 levels left

rFire   . . .      SeeInvis .   u - +2 hand axe (vamp)
rCold   . . .      Faith    .   c - +2 kite shield
rNeg    . . .      Spirit   .   a - +0 robe
rPois   .          Reflect  .   (no helmet)
rElec   .          Harm     .   (no cloak)
rCorr   .          Rampage  .   (no gloves)
Will    .....                   (no boots)
Stlth   ++........              d - amulet of magic regeneration
HPRegen 0.11/turn               f - +4 ring of protection
MPRegen 0.51/turn               t - +6 ring of strength

@: confused, lethally poisoned (0 -> -3)
A: thin skeletal structure 1, spiny 1, inability to train dodging
a: Renounce Religion


You were on level 4 of the Dungeon.
You worshipped Ru.
Ru was aware of your devotion.
You visited 1 branch of the dungeon, and saw 4 of its levels.

You collected 105 gold pieces.

Inventory:

Hand Weapons
 u - a +2 vampiric hand axe (weapon)
Missiles
 l - 3 poisoned darts
Armour
 a - a +0 robe (worn)
 c - a +2 kite shield (worn)
Jewellery
 d - an amulet of magic regeneration (around neck)
 f - a +4 ring of protection (left hand)
 i - a ring of protection from cold
 t - a +6 ring of strength (right hand)
Scrolls
 e - a scroll of teleportation {unknown}
 g - 2 scrolls of noise {unknown}
 h - a scroll of silence {unknown}
 m - a scroll of identify {unknown}
 n - a scroll of magic mapping {unknown}
 s - a scroll of brand weapon {unknown}
 v - a scroll of poison {unknown}
Potions
 b - a potion of magic
 j - a potion of might {unknown}
 k - 2 potions of curing {unknown}
 o - 2 potions of degeneration {unknown}
 p - 2 potions of ambrosia {unknown}
 q - a potion of cancellation {unknown}
 r - 2 potions of heal wounds {unknown}
 w - a potion of lignification {unknown}


   Skills:
 + Level 0.6 Axes
 + Level 2.0 Stealth
 + Level 0.2 Shields
 + Level 0.3 Unarmed Combat
 + Level 3.1 Spellcasting
 + Level 6.1 Necromancy


You had 9 spell levels left.
You knew the following spells:

 Your Spells              Type           Power      Damage    Failure   Level
a - Necrotize             Necr           92%        1d8       4%          1

Your spell library contained the following spells:

 Spells                   Type           Power      Damage    Failure   Level
 Vampiric Draining        Necr           23%        2d7       14%         3
 Animate Dead             Necr           23%        N/A       43%         4
 Foxfire                  Conj/Fire      8%         2x1d4     52%         1
 Blink                    Tloc           4%         N/A       67%         2
 Agony                    Necr           23%        N/A       80%         5
 Conjure Flame            Conj/Fire      2%         6-21      88%         3
 Inner Flame              Hex/Fire       2%         N/A       88%         3
 Flame Wave               Conj/Fire      2%         2d4       99%         4
 Manifold Assault         Tloc           2%         N/A       100%        5
 Storm Form               Tmut/Air       1%         N/A       100%        7


Dungeon Overview and Level Annotations

Branches:
Dungeon (4/15)
 Temple: D:4-7

Altars:
Ru


Innate Abilities, Weirdness & Mutations

You have a somewhat thin skeletal structure. (Dex +2, Stealth+)
You are partially covered in sharp spines.
You cannot train Dodging skill.


Message History

The endoplasm jiggles.
You block the orc's attack. Something hits you but does no damage.
You block the orc's attack.
You closely miss the orc.
The orc is almost dead.
You miss something.
You hear some strange, mumbled words.
A puff of flame appears from out of thin air!
The puff of flame hits you! The orc is struck by your spines.
You kill the orc!
You barely miss something.
You hear some strange, mumbled words.
A puff of flame appears from out of thin air!
The puff of flame hits you. Something hits you but does no damage.
The endoplasm freezes you.
You are frozen.
The adder hisses angrily.
You hit the endoplasm but do no damage. You closely miss the adder.
You hit something. You block the adder's attack. Something hits you.
* * * LOW HITPOINT WARNING * * *
The endoplasm closely misses you.
You hit something.
You feel better.
You closely miss the adder. You hit the endoplasm but do no damage.
You block the adder's attack.
You hear some strange, mumbled words.
You are confused.
The endoplasm is struck by your spines.
You kill the endoplasm!
The adder bites you.
* * * LOW HITPOINT WARNING * * *
You are poisoned.
The adder poisons you! Something hits you but does no damage.
The orc priest attacks as you move away!
The orc priest is struck by your spines.
The orc priest hits you but does no damage.
* * * LOW HITPOINT WARNING * * *
You feel sick. The adder barely misses you.
You feel sick.
A magic dart appears from out of thin air!
The magic dart hits you.
You die...

# .. ..?# ..
##.###.#.####
#. ...........#
..##..........#
............#
.####..........
.....#<{....#
......)oS....#
......#..@...#
......#......#
..... #...<..#
.###. #......#
.#$# #......#
.### ########


You could see an orc priest and an adder.

Vanquished Creatures
  An orc priest (D:3)
  An orc wizard (D:3)
  2 adders
  3 worms
  2 dart slugs (D:3)
  8 orcs
  5 ball pythons
  6 bats
  3 endoplasms
  A giant cockroach (D:3)
  7 goblins
  5 hobgoblins
  3 jackals (D:1)
  2 quokkas
  2 frilled lizards
  3 kobolds
  7 rats
61 creatures vanquished.

Vanquished Creatures (collateral kills)
  2 endoplasms (D:1)
  A jackal (D:1)
  A ball python (D:2)
  A rat (D:3)
5 creatures vanquished.

Grand Total: 66 creatures vanquished

Notes
Turn   | Place    | Note
-------+----------+-------------------------------------------
     0 | D:1      | gobodom the Demonspawn Necromancer began the quest for the
                  | Orb.
     0 | D:1      | Reached XP level 1. HP: 13/13 MP: 3/3
   318 | D:1      | Found a faded altar of an unknown god.
   329 | D:1      | Prayed at the altar of an unknown god.
   329 | D:1      | Became a worshipper of Ru the Awakened
   340 | D:1      | Gained mutation: You have a somewhat thin skeletal
                  | structure. (Dex +2, Stealth+) [demonic ancestry]
   340 | D:1      | Reached XP level 2. HP: 19/19 MP: 3/5
   357 | D:1      | Gained mutation: You cannot train Dodging skill. [Ru
                  | sacrifice]
   357 | D:1      | Reached * piety under Ru
   448 | D:1      | Reached skill level 5 in Necromancy
  1094 | D:2      | Reached XP level 3. HP: 24/24 MP: 4/6
  2437 | D:3      | Reached XP level 4. HP: 30/30 MP: 8/8
  2829 | D:3      | Reached skill level 6 in Necromancy
  2829 | D:3      | Gained mutation: You are partially covered in sharp spines.
                  | [demonic ancestry]
  2829 | D:3      | Reached XP level 5. HP: 31/35 MP: 9/9
  3023 | D:4      | Killed from afar by an orc wizard

Illustrated notes

Levels and vault maps discovered:
D:1:      pf_arrival_petrified_forest, layout_loops_corners,
          ebering_ecumenical_altar_webs, minmay_tripent
D:2:      layout_basic
D:3:      layout_basic, grunt_ministairs_5, hangedman_decor_points
D:4:      layout_rooms, st_stairs_10, minmay_crystal_room, item_on_display_a

Skill      XL: |  1  2  3  4 |
---------------+-------------+-----
Dodging        | 0 |  0.0
Necromancy     | 5 6 |  6.1
Stealth        | 2 |  2.0
Spellcasting   | 3 |  3.1
Axes           | |  0.6
Shields        | |  0.2
Unarmed Combat | |  0.3

Action                   |  1- 3 |  4- 6 || total
-------------------------+-------+-------++-------
Melee: Unarmed           |    20 |       ||    20
       Punch             |     1 |       ||     1
       Hand axe          |       |    36 ||    36
 Cast: Necrotize         |    88 |    10 ||    98
Invok: Sacrifice Nimblen |     1 |       ||     1
 Stab: Sleeping          |       |     5 ||     5
Armor: Robe              |    11 |    17 ||    28
Dodge: Dodged            |    12 |    19 ||    31
Block: Kite shield       |    21 |    24 ||    45

Table legend: (Time is in decaauts)
 A = Elapsed time spent in this place.
 B = Non-inter-level travel time spent in this place.
 C = Inter-level travel time spent in this place.
 D = Time resting spent in this place.
 E = Time spent auto-exploring this place.
 F = Levels seen in this place.
 G = Mean time per level.
                   A        B        C        D        E       F      G
               +--------+--------+--------+--------+--------+-----+--------+
         Total |   3040 |   2958 |     82 |      0 |   2403 |   4 |  760.0 |
       Dungeon |   3040 |   2958 |     82 |      0 |   2403 |   4 |  760.0 |
               +--------+--------+--------+--------+--------+-----+--------+

Top non-repeatable levels by time:
     D:3: 1193 daAuts
     D:1: 971 daAuts
     D:2: 855 daAuts
     D:4: 21 daAuts
